 Dungeon Crawl Stone Soup version 0.27.1-33-g824d729ab1 (webtiles) character file.

Game seed: 6388028354060855713

45 belegose the Sneak (level 3, -1/29 HPs)
             Began as a Djinni Brigand on Dec 17, 2021.
             Slain by an orc wizard (4 damage)
             ... on level 3 of the Dungeon.
             The game lasted 00:02:51 (1721 turns).

belegose the Sneak (Djinni Brigand)                 Turns: 1721, Time: 00:02:52

Health: -1/29      AC:  3    Str: 11    XL:     3   Next: 90%
Gold:   112        EV: 12    Int: 12    God:
                   SH:  0    Dex: 14

rFire    + + .     SeeInvis .   a - +2 dagger
rCold    x . .     Faith    .   (no shield)
rNeg     . . .     Spirit   .   b - +0 robe
rPois    ∞         Reflect  .   (no helmet)
rElec    .         Harm     .   c - +0 cloak
rCorr    .         Rampage  .   (no gloves)
Will     .....                  (boots unavailable)
Stlth    +.........             (no amulet)
HPRegen  0.09/turn              (no ring)
MPRegen  0.00/turn              (no ring)

@: confused, flying, very slightly contaminated, invisible
A: sickness immunity, fire resistance 2, cold vulnerability 1, float, innate
caster, hp casting, extra vitality 1
a: no special abilities


You were on level 3 of the Dungeon.
You visited 1 branch of the dungeon, and saw 3 of its levels.

You collected 112 gold pieces.

Inventory:

Hand Weapons
 a - a +2 dagger (weapon)
Missiles
 d - 8 poisoned darts (quivered)
 e - 2 curare-tipped darts
Armour
 b - a +0 robe (worn)
 c - a +0 cloak (worn)
Scrolls
 h - a scroll of brand weapon {unknown}
 i - a scroll of magic mapping {unknown}
 j - a scroll of identify {unknown}
Potions
 g - a potion of heal wounds {unknown}
 k - a potion of brilliance {unknown}


   Skills:
 + Level 2.3 Fighting
 + Level 2.1 Short Blades
 + Level 1.9 Throwing
 + Level 1.8 Dodging
 + Level 3.5 Stealth
 + Level 0.7 Spellcasting


You had 2 spell levels left.
You knew the following spells:

 Your Spells              Type           Power      Damage    Failure   Level
a - Magic Dart            Conj           8%         1d3       22%         1
Your spell library was empty.

Dungeon Overview and Level Annotations

Branches:
Dungeon (3/15)

Altars:


Innate Abilities, Weirdness & Mutations

You are immune to sickness and miasma.
You are immune to poison.
Your flesh is very heat resistant. (rF++)
You are vulnerable to cold. (rC-)
You float through the air rather than walking.
You learn spells naturally, not from books.
Your magical power is your life essence.
You have superior vitality. (+4 HP)


Message History

You aren't carrying any items that you can evoke.
It was a potion of invisibility.
You fade into invisibility!
Something hits you.
You hear some strange, mumbled words.
A puff of flame appears from out of thin air!
The puff of flame hits something!
You are very lightly contaminated with residual magic.
You hear a shout!
You hit something. Something completely misses you.
You closely miss something. Something hits you.
You hit something. Something hits you.
You hit something. Something hits you.
You hit something.
Reactivating autopickup.
You feel a bit more experienced.
Deactivating autopickup; reactivate with Ctrl-A.
You miss something. Something hits you.
You barely miss something. Something hits you but does no damage.
You hit something. Something barely misses you.
You barely miss something. Something hits you but does no damage.
You hit something but do no damage. You closely miss something.
Something hits you but does no damage.
You miss something. Something hits you.
You hit something. You miss something. Something hits you but does no damage.
You miss something. Something hits you.
You miss something. You hit something but do no damage. Something hits you.
You miss something. Something hits you but does no damage.
You completely miss something.
You hear some strange, mumbled words.
You are confused.
You bump into the rock wall.
Something hits you.
You bump into the rock wall.
Something hits you.
* * * LOW HITPOINT WARNING * * *
You bump into the rock wall.
Something hits you.
* * * LOW HITPOINT WARNING * * *
You miss something. Something hits you.
You die...

.......#####.# #.#
...........## #.#
..#...........# #.#
..#...........####.#
..............+..#.#
..#...........##o#.#
#..............#{#.#
##.............#@#.#
#..............')#.#
#..............###.###
.......#.............#
#....#.#.##........#.#
.....#.#.##.########.#
.....#.#.##.# #.#
.......#.##.# #.#
.........##.########.#


You could see an orc.

Vanquished Creatures
  An orc wizard (D:3)
  A worm (D:2)
  3 dart slugs (D:1)
  2 orcs (D:3)
  3 endoplasms
  2 goblins
  2 hobgoblins (D:1)
  A quokka (D:1)
  4 ball pythons
  2 bats (D:2)
  2 frilled lizards
  A kobold (D:1)
  2 rats
26 creatures vanquished.

Notes
Turn   | Place    | Note
-------+----------+-------------------------------------------
     0 | D:1      | belegose the Djinni Brigand began the quest for the Orb.
     0 | D:1      | Reached XP level 1. HP: 18/18 MP: 0/0
   230 | D:1      | Reached XP level 2. HP: 22/23 MP: 0/0
   678 | D:1      | Reached XP level 3. HP: 28/28 MP: 0/0
   678 | D:1      | Learned a level 1 spell: Magic Dart
   975 | D:2      | Found a faded altar of an unknown god.
  1721 | D:3      | Slain by an orc wizard

Illustrated notes

Levels and vault maps discovered:
D:1:      lemuel_arrival_lava_pool, layout_basic
D:2:      layout_loops_ring, ebering_ecumenical_altar_hall
D:3:      layout_basic, slow_altar_2, chequers_garden, minmay_misc_feat_cross,
          kennysheep_generic_room_7

Skill      XL: |  1  2 |
---------------+-------+-----
Short Blades   | 2 |  2.1
Fighting       | |  2.3
Throwing       | |  1.9
Dodging        | |  1.8
Stealth        | |  3.5
Spellcasting   | |  0.7

Action                   || total
-------------------------++-------
Melee: Dagger            ||    82
Throw: Dart              ||     4
  Use: Potion            ||     1
 Stab: Sleeping          ||     9
Armor: Robe              ||     8
Dodge: Dodged            ||    18
